 Dungeon Crawl Stone Soup version 0.29-a0-477-g62b78b4225 (webtiles) character file.

Game seed: 12520929432846922596

3602 YayAnonymity the Blocker (level 10, -1/80 HPs)
             Began as a Gnoll Fighter on May 25, 2022.
             Was a Follower of Okawaru.
             Slain by Joseph
             ... wielding a +0 quarterstaff
              (8 damage)
             ... on level 8 of the Dungeon.
             The game lasted 00:11:49 (8517 turns).

YayAnonymity the Blocker (Gnoll Fighter)            Turns: 8517, Time: 00:11:49

Health: -1/80      AC: 12    Str: 19    XL:     10   Next: 10%
Magic:  17/17      EV: 10    Int: 13    God:    Okawaru [*.....]
Gold:   189        SH:  7    Dex: 21    Spells: 18/18 levels left

rFire   + . .      SeeInvis +   a - +7 mace of the Winnowing King {vamp, Int+4 Dex+4 SInv}
rCold   + . .      Faith    .   c - +0 buckler
rNeg    . . .      Spirit   .   A - +0 chain mail of the Pleiades {rF+ rC+}
rPois   .          Reflect  .   v - +0 helmet
rElec   .          Harm     .   (no cloak)
rCorr   .          Rampage  .   (no gloves)
Will    .....                   (no boots)
Stlth   ..........              (no amulet)
HPRegen 0.23/turn               F - +6 ring of dexterity
MPRegen 0.15/turn               (no ring)

@: no status effects
A: fangs 1, strong nose, distributed training
a: Renounce Religion, Heroism


You were on level 8 of the Dungeon.
You worshipped Okawaru.
Okawaru was aware of your devotion.
You visited 2 branches of the dungeon, and saw 9 of its levels.
You also visited: Sewer.

You collected 369 gold pieces.
You spent 180 gold pieces at shops.

Inventory:

Hand Weapons
 a - the +7 mace of the Winnowing King (weapon) {vamp, Int+4 Dex+4 SInv}
   (You found it on level 2 of the Dungeon)

   It occasionally heals its wielder for a portion of the damage dealt when it
   wounds a living foe.
   Int:       It affects your intelligence (+4).
   Dex:       It affects your dexterity (+4).
   SInv:      It lets you see invisible.
 b - a +1 hunting sling of freezing
Missiles
 g - 4 datura-tipped darts
 i - 8 curare-tipped darts
 j - 16 poisoned darts (quivered)
 E - 3 throwing nets
Armour
 c - a +0 buckler (worn)
 v - a +0 helmet (worn)
 A - the +0 chain mail of the Pleiades (worn) {rF+ rC+}
   (You bought it in a shop on level 6 of the Dungeon)

   rF:        It protects you from fire.
   rC:        It protects you from cold.
Jewellery
 F - a +6 ring of dexterity (left hand)
Wands
 n - a wand of acid (3)
 o - a wand of digging (10)
 r - a wand of paralysis (5)
 D - a wand of mindburst (21)
Scrolls
 f - a scroll of vulnerability
 h - a scroll of enchant weapon
 l - a scroll of immolation
 m - 2 scrolls of blinking
 y - 4 scrolls of teleportation
 C - a scroll of fog
 G - a scroll of enchant armour
 H - a scroll of poison
 I - a scroll of identify
 J - a scroll of amnesia
 K - a scroll of fear
Potions
 d - 3 potions of might
 e - a potion of haste
 k - 4 potions of heal wounds
 p - a potion of flight {unknown}
 q - 8 potions of curing
 s - 2 potions of cancellation
 t - a potion of invisibility {unknown}
 u - 3 potions of brilliance
 w - a potion of experience {unknown}
 x - 4 potions of mutation
 z - a potion of ambrosia {unknown}
 B - 2 potions of berserk rage


   Skills:
 + Level 8.3 Fighting
 + Level 4.9 Short Blades
 + Level 4.9 Long Blades
 + Level 6.8 Axes
 + Level 4.9 Maces & Flails
 + Level 4.9 Polearms
 + Level 4.9 Staves
 + Level 4.9 Slings
 + Level 4.9 Bows
 + Level 4.9 Crossbows
 + Level 4.9 Throwing
 + Level 8.3 Armour
 + Level 4.9 Dodging
 + Level 4.9 Stealth
 + Level 8.3 Shields
 + Level 4.9 Unarmed Combat
 + Level 4.9 Spellcasting
 + Level 4.1 Conjurations
 + Level 4.1 Hexes
 + Level 4.1 Summonings
 + Level 4.1 Necromancy
 + Level 4.1 Translocations
 + Level 4.1 Transmutations
 + Level 4.1 Fire Magic
 + Level 4.1 Ice Magic
 + Level 4.1 Air Magic
 + Level 4.1 Earth Magic
 + Level 4.1 Poison Magic
 + Level 5.4 Invocations
 + Level 4.9 Evocations


You had 18 spell levels left.
You didn't know any spells.
Your spell library contained the following spells:

 Spells                   Type           Power      Damage    Failure   Level
 Apportation              Tloc           26%        N/A       36%         1
 Necrotize                Necr           52%        1d6       36%         1
 Summon Small Mammal      Summ           Unusable   N/A       N/A         1

Dungeon Overview and Level Annotations

Branches:
Dungeon (8/15)             Temple (1/1) D:6           Sewer (visited)
   Lair: D:8-11

Altars:
Ashenzari
Cheibriados
Dithmenos
Elyvilon
Fedhas
Gozag
Kikubaaqudgha
Nemelex Xobeh
Okawaru
Trog
Vehumet
Wu Jian
Xom
Yredelemnul
Zin

Shops:
D:1 =   D:6 [(=:   D:7 *

Annotations:
D:6 3 runed translucent doors, Gelos's ghost, novice TrGl; Iich's ghost, novice MiGl; SirDiesAlot's ghost, novice DEFE; ders's ghost, novice DjCj; ptdevnull's ghost, novice KoEn
D:8 Joseph


Innate Abilities, Weirdness & Mutations

You have very sharp teeth.
Your uncanny sense of smell can sniff out nearby items.
Your experience applies equally to all skills.


Message History

Joseph hits you with a +0 quarterstaff.
You hit Joseph. You bite Joseph.
Joseph is moderately wounded.
Joseph hits you with a +0 quarterstaff! Joseph hits you with a +0 quarterstaff.
You sock Joseph!
You feel better.
Joseph is heavily wounded.
Joseph hits you with a +0 quarterstaff!
You hit Joseph.
You feel better.
You bite Joseph, but do no damage.
Joseph is heavily wounded.
Joseph shouts, "Wow!"
Joseph hits you with a +0 quarterstaff.
You sock Joseph!
Joseph is severely wounded.
Joseph hits you with a +0 quarterstaff.
You sock Joseph!
You feel better.
You bite Joseph.
Joseph is severely wounded.
Joseph hits you with a +0 quarterstaff!
You hit Joseph but do no damage.
Joseph is severely wounded.
Joseph hits you with a +0 quarterstaff.
* * * LOW HITPOINT WARNING * * *
Joseph misses you.
You closely miss Joseph.
Joseph is severely wounded.
Joseph hits you with a +0 quarterstaff!
* * * LOW HITPOINT WARNING * * *
You barely miss Joseph. You bite Joseph, but do no damage.
Joseph is severely wounded.
Joseph hits you but does no damage.
You hit Joseph.
Joseph is almost dead.
You block Joseph's attack.
You hit Joseph but do no damage.
Joseph is almost dead.
Joseph hits you with a +0 quarterstaff.
* * * LOW HITPOINT WARNING * * *
You hit Joseph.
You feel better.
Joseph is almost dead.
Joseph hits you with a +0 quarterstaff!
You die...

##########
.........#
.........#
.........+
≈.♣.≈≈...####
♣≈≈.≈@@$...#
≈≈♣≈..≈...#.#
♣≈♣≈≈≈...#<#∆
.≈.≈>....###
.≈≈..♣≈....
♣.♣..≈....##
≈≈≈≈......#
≈..[.....#


You could see Joseph.

Vanquished Creatures
  Maggie (D:6)
  Grinder (Sewer)
  A wyvern (D:7)
  3 yaks (D:5)
  An ice beast (D:7)
  A sky beast (D:6)
  A black bear (D:7)
  3 ogres
  A centaur (D:6)
  Blork the orc (D:5)
  A bullfrog (D:7)
  7 kobold brigands
  4 scorpions
  2 necrophages
  2 vampire bats (D:3)
  A quasit (Sewer)
  2 jellies (D:5)
  3 hounds
  An orc priest (D:3)
  2 gnoll shamans (D:4)
  Ijyb (D:3)
  Jessica (D:3)
  2 iguanas
  3 orc wizards
  A hound zombie (D:3)
  14 gnolls
  9 adders
  6 shadow imps
  A white imp (D:7)
  6 ufetubi
  An adder zombie (D:3)
  4 dart slugs
  15 orcs
  12 bats
  13 endoplasms
  10 giant cockroaches
  11 goblins
  9 hobgoblins
  36 kobolds
  6 quokkas
  8 ball pythons
  A frilled lizard (D:1)
  A giant cockroach zombie (D:3)
  2 kobold zombies (Sewer)
  4 rats
216 creatures vanquished.

Vanquished Creatures (others)
  An adder zombie (Sewer)
1 creature vanquished.

Grand Total: 217 creatures vanquished

Notes
Turn   | Place    | Note
-------+----------+-------------------------------------------
     0 | D:1      | YayAnonymity the Gnoll Fighter began the quest for the Orb.
     0 | D:1      | Reached XP level 1. HP: 23/23 MP: 1/1
   213 | D:1      | Reached XP level 2. HP: 29/29 MP: 2/2
   293 | D:1      | Found Jucaf's Jewellery Emporium.
   479 | D:1      | Reached XP level 3. HP: 33/35 MP: 3/3
  1056 | D:2      | Reached skill level 1 in Invocations
  1227 | D:2      | Identified the +7 mace of the Winnowing King {vamp, Int+4
                  | Dex+4 SInv}
  1245 | D:2      | Reached skill level 1 in Short Blades
  1245 | D:2      | Reached skill level 1 in Long Blades
  1245 | D:2      | Reached skill level 1 in Maces & Flails
  1245 | D:2      | Reached skill level 1 in Polearms
  1245 | D:2      | Reached skill level 1 in Staves
  1245 | D:2      | Reached skill level 1 in Slings
  1245 | D:2      | Reached skill level 1 in Bows
  1245 | D:2      | Reached skill level 1 in Crossbows
  1245 | D:2      | Reached skill level 1 in Throwing
  1245 | D:2      | Reached skill level 1 in Dodging
  1245 | D:2      | Reached skill level 1 in Stealth
  1245 | D:2      | Reached skill level 1 in Unarmed Combat
  1245 | D:2      | Reached skill level 1 in Spellcasting
  1245 | D:2      | Reached skill level 1 in Evocations
  1277 | D:2      | Reached XP level 4. HP: 41/41 MP: 5/5
  1612 | D:2      | Found a faded altar of an unknown god.
  1697 | D:3      | Found a glowing drain.
  1707 | D:3      | Reached skill level 1 in Conjurations
  1707 | D:3      | Reached skill level 1 in Hexes
  1707 | D:3      | Reached skill level 1 in Summonings
  1707 | D:3      | Reached skill level 1 in Necromancy
  1707 | D:3      | Reached skill level 1 in Translocations
  1707 | D:3      | Reached skill level 1 in Transmutations
  1707 | D:3      | Reached skill level 1 in Fire Magic
  1707 | D:3      | Reached skill level 1 in Ice Magic
  1707 | D:3      | Reached skill level 1 in Air Magic
  1707 | D:3      | Reached skill level 1 in Earth Magic
  1707 | D:3      | Reached skill level 1 in Poison Magic
  1717 | Sewer    | Entered a sewer
  1868 | Sewer    | Reached XP level 5. HP: 32/47 MP: 6/6
  2020 | Sewer    | Found a burning altar of Makhleb.
  2020 | Sewer    | Noticed a kobold brigand
  2033 | Sewer    | Killed a kobold brigand
  2085 | Sewer    | Noticed a kobold brigand
  2097 | Sewer    | Killed a kobold brigand
  2098 | Sewer    | Reached XP level 6. HP: 25/53 MP: 8/8
  2270 | Sewer    | Noticed Grinder
  2275 | Sewer    | Reached skill level 5 in Axes
  2282 | Sewer    | Killed Grinder
  2283 | Sewer    | Reached XP level 7. HP: 45/59 MP: 8/10
  2613 | D:3      | Noticed Jessica
  2617 | D:3      | Killed Jessica
  2996 | D:3      | Found a basalt altar of Yredelemnul.
  3931 | D:4      | Noticed Ijyb
  3943 | D:3      | Killed Ijyb
  3944 | D:3      | Reached XP level 8. HP: 61/67 MP: 12/12
  4773 | D:5      | Entered Level 5 of the Dungeon
  5277 | D:5      | Noticed Blork the orc
  5287 | D:5      | Killed Blork the orc
  5756 | D:5      | Found a glowing silver altar of Zin.
  6140 | D:6      | Noticed a yak
  6140 | D:6      | Noticed a yak
  6140 | D:6      | Noticed a yak
  6151 | D:5      | Killed a yak
  6156 | D:5      | Reached XP level 9. HP: 56/72 MP: 14/14
  6396 | D:6      | Found Tuecow's Antique Weapon Boutique.
  6397 | D:6      | Found a runed translucent gate.
  6397 | D:6      | Found a runed translucent gate.
  6398 | D:6      | Found a runed translucent gate.
  6521 | D:6      | Found Borutom's Book Boutique.
  6602 | D:6      | Noticed Maggie
  6617 | D:6      | Killed Maggie
  6618 | D:6      | Found Zoir's Jewellery Boutique.
  6700 | D:6      | Found Yvyoheups's Antique Armour Shoppe.
  6704 | D:6      | Bought a crude chain mail for 180 gold pieces
  6704 | D:6      | Identified the +0 chain mail of the Pleiades {rF+ rC+} (You
                  | bought it in a shop on level 6 of the Dungeon)
  6791 | D:6      | Reached skill level 5 in Invocations
  6816 | D:6      | Found a staircase to the Ecumenical Temple.
  6829 | Temple   | Entered the Ecumenical Temple
  6988 | Temple   | Became a worshipper of Warmaster Okawaru
  7119 | D:6      | Noticed SirDiesAlot's ghost (novice DEFE)
  7119 | D:6      | Noticed ptdevnull's ghost (novice KoEn)
  7120 | D:6      | Noticed Gelos's ghost (novice TrGl)
  7120 | D:6      | Noticed Iich's ghost (novice MiGl)
  7120 | D:6      | Noticed ders's ghost (novice DjCj)
  7255 | D:7      | Found Foopuithyl's Assorted Antiques.
  7386 | D:7      | Reached XP level 10. HP: 65/80 MP: 17/17
  8059 | D:7      | Reached * piety under Okawaru
  8282 | D:8      | Noticed Joseph
  8517 | D:8      | Slain by Joseph

Illustrated notes

Levels and vault maps discovered:
D:1:      psy_arrival_fountain, layout_basic, serial_shops, shop,
          corexii_leaking_fountain
D:2:      layout_rooms, shapermc_ecumenical_altar_totnotflames
D:3:      layout_loops_ring, nicolae_yredelemnul_corpse_copse, serial_glass,
          glass_columns_a, glass_columns_c, portal_sewer_entry_f,
          minmay_misc_feat_doors, roderic_batcave, minivault_11, uniq_jessica
D:4:      layout_cave_pools, uniq_ijyb
D:5:      layout_loops_cross, mainiacjoe_overflow_catwalk,
          roderic_roman_lattice, grunt_decor_arrowhead, uniq_blork_the_orc,
          uniq_grinder
D:6:      layout_rooms, temple_hall, serial_shops, shop, shop_fountains, shop,
          nicolae_shop_trees, gammafunk_ghost_cemetery, uniq_maggie
D:7:      wander_river, layout_loops_corners, serial_shops,
          nicolae_stop_n_shop_2
D:8:      layout_basic, mainiacjoe_overflow_surrounded_room,
          minmay_overflow_temple_star_hex, serial_rivers,
          chequers_serial_rivers_large_b, chequers_serial_rivers_micro_e,
          chequers_serial_rivers_small_3, chequers_serial_rivers_small_3,
          chequers_serial_rivers_small_b, chequers_serial_rivers_marsh,
          ebering_ghost_xom, uniq_joseph
Temple:   nicolae_temple_figure_eight

Skill      XL: |  1  2  3  4  5  6  7  8  9 |
---------------+----------------------------+-----
Invocations    | 1 2 3 4 5 |  5.4
Short Blades   | 1 2 3 4 |  4.9
Long Blades    | 1 2 3 4 |  4.9
Maces & Flails | 1 2 3 4 |  4.9
Polearms       | 1 2 3 4 |  4.9
Staves         | 1 2 3 4 |  4.9
Slings         | 1 2 3 4 |  4.9
Bows           | 1 2 3 4 |  4.9
Crossbows      | 1 2 3 4 |  4.9
Throwing       | 1 2 3 4 |  4.9
Dodging        | 1 2 3 4 |  4.9
Stealth        | 1 2 3 4 |  4.9
Unarmed Combat | 1 2 3 4 |  4.9
Spellcasting   | 1 2 3 4 |  4.9
Evocations     | 1 2 3 4 |  4.9
Conjurations   | 1 2 3 4 |  4.1
Hexes          | 1 2 3 4 |  4.1
Summonings     | 1 2 3 4 |  4.1
Necromancy     | 1 2 3 4 |  4.1
Translocations | 1 2 3 4 |  4.1
Transmutations | 1 2 3 4 |  4.1
Fire Magic     | 1 2 3 4 |  4.1
Ice Magic      | 1 2 3 4 |  4.1
Air Magic      | 1 2 3 4 |  4.1
Earth Magic    | 1 2 3 4 |  4.1
Poison Magic   | 1 2 3 4 |  4.1
Axes           | 5 6 |  6.8
Fighting       | 7 8 |  8.3
Armour         | 7 8 |  8.3
Shields        | 7 8 |  8.3

Action                   |  1- 3 |  4- 6 |  7- 9 | 10-12 || total
-------------------------+-------+-------+-------+-------++-------
Melee: War axe           |    78 |       |       |       ||    78
       Bite              |     9 |     7 |    44 |     5 ||    65
       Mace              |    10 |    99 |   365 |    35 ||   509
 Fire: Hunting sling     |       |       |    42 |    44 ||    86
  Use: Scroll            |       |       |    18 |     2 ||    20
 Stab: Distracted        |       |       |     1 |       ||     1
Armor: Scale mail        |    41 |    55 |    34 |       ||   130
       Ring mail         |       |       |   149 |       ||   149
       Chain mail        |       |       |    54 |    12 ||    66
Dodge: Dodged            |    43 |    59 |   290 |    18 ||   410
Block: Buckler           |    26 |    41 |   178 |    17 ||   262

Table legend: (Time is in decaauts)
 A = Elapsed time spent in this place.
 B = Non-inter-level travel time spent in this place.
 C = Inter-level travel time spent in this place.
 D = Time resting spent in this place.
 E = Time spent auto-exploring this place.
 F = Levels seen in this place.
 G = Mean time per level.
                   A        B        C        D        E       F      G
               +--------+--------+--------+--------+--------+-----+--------+
         Total |   8768 |   8395 |    373 |    629 |   6012 |  10 |  876.8 |
       Dungeon |   7641 |   7278 |    363 |    629 |   5099 |   8 |  955.1 |
        Temple |    211 |    201 |     10 |      0 |    193 |   1 |  211.0 |
         Sewer |    915 |    915 |      0 |      0 |    720 |   1 |  915.0 |
               +--------+--------+--------+--------+--------+-----+--------+

Top non-repeatable levels by time:
     D:3: 1617 daAuts
     D:5: 1560 daAuts
     D:7: 1299 daAuts
     D:1: 922 daAuts
   Sewer: 915 daAuts
     D:2: 809 daAuts
     D:4: 758 daAuts
     D:6: 636 daAuts
  Temple: 211 daAuts
     D:8: 37 daAuts
